 Dungeon Crawl Stone Soup version 0.21.0-3-g78d12a8 (webtiles) character file.

56017 toffzen the Grappler (level 14, -8/141 HPs)
             Began as a Troll Transmuter on Jan 16, 2018.
             Was a High Priest of Okawaru.
             Shot with an arrow by a centaur warrior (10 damage)
             ... while paralysed by an ogre mage
             ... on level 14 of the Dungeon on Jan 17, 2018.
             The game lasted 01:48:55 (21336 turns).

toffzen the Grappler (Troll Transmuter)            Turns: 21336, Time: 01:48:56

Health: -8/141     AC: 16    Str: 23    XL:     14   Next: 40%
Magic:  17/19      EV:  1    Int: 13    God:    Okawaru [*****.]
Gold:   1152       SH:  0    Dex: 12    Spells: 1/15 levels left

rFire    . . .     SeeInvis +     - Unarmed
rCold    . . .     Gourm    +   (shield currently unavailable)
rNeg     . . .     Faith    .   r - +1 acid dragon scales
rPois    .         Spirit   .   S - +2 hat {SInv}
rElec    .         Reflect  .   i - scarf {cloud immunity}
rCorr    +         Harm     .   (gloves unavailable)
MR       +....                  (boots unavailable)
Stlth    ++........             n - amulet of magic regeneration
HPRegen  0.73/turn              v - ring of the Saviour {AC+3 Dex+2 SInv}
MPRegen  0.41/turn              G - +2 ring of strength

@: paralysed, blade hands, heroism
A: large, unfitting armour, claws 3, fast metabolism 3, gourmand, regeneration
1, shaggy fur 1, tough skin 2
a: End Transformation, Heroism, Finesse, Renounce Religion


You were on level 14 of the Dungeon.
You worshipped Okawaru.
Okawaru was extremely pleased with you.
You were not hungry.
You had blades for hands.
You visited 2 branches of the dungeon, and saw 20 of its levels.

You collected 1152 gold pieces.

Inventory:

Missiles
 a - 271 arrows
 h - 532 stones
 q - 2 throwing nets
 V - 21 large rocks (quivered)
Armour
 i - a scarf of cloud immunity (worn)
 r - +1 acid dragon scales (worn)
 y - a +0 robe of cold resistance
 S - a +2 hat of see invisible (worn)
Magical Staves
 I - an uncursed staff of earth
Jewellery
 n - an amulet of magic regeneration (around neck)
 v - the ring of the Saviour (left scythe-like blade) {AC+3 Dex+2 SInv}
   (You found it on level 5 of the Dungeon)

   [ring of protection]

   It affects your AC (+3).
   It affects your dexterity (+2).
   It lets you see invisible.
 G - a +2 ring of strength (right scythe-like blade)
 Y - an uncursed ring of poison resistance
Wands
 l - a wand of iceblast (25)
 A - a wand of random effects (28)
 E - a wand of paralysis (58)
 L - a wand of acid (10)
 M - a wand of enslavement (16)
 T - a wand of disintegration (10)
 W - a wand of clouds (6)
 X - a wand of flame (33)
Scrolls
 e - a scroll of blinking
 g - 6 scrolls of teleportation
 k - 3 scrolls of fog
 m - 4 scrolls of immolation
 s - 3 scrolls of amnesia
 u - 12 scrolls of remove curse
 z - 5 scrolls of magic mapping
 D - a scroll of enchant armour
 F - a scroll of silence {unknown}
 H - a scroll of identify
 Q - a scroll of noise {unknown}
 R - a scroll of fear {unknown}
Potions
 b - a potion of brilliance
 f - 2 potions of curing
 j - 2 potions of cancellation
 o - 3 potions of lignification
 p - a potion of mutation
 t - 4 potions of agility
 w - 2 potions of ambrosia
 x - 2 potions of invisibility
 B - 6 potions of might
 P - 2 potions of magic
 Z - a potion of berserk rage {unknown}
Books
 c - a book of Changes

   Spells                             Type                      Level
   a - Beastly Appendage              Transmutation                1
   b - Sticks to Snakes               Transmutation                2
   c - Spider Form                    Transmutation/Poison         3
   d - Ice Form                       Ice/Transmutation            4
   e - Blade Hands                    Transmutation                5
 C - a book of Transfigurations

   Spells                             Type                      Level
   a - Irradiate                      Conjuration/Transmutation    5
   b - Statue Form                    Transmutation/Earth          6
   c - Hydra Form                     Transmutation                6
   d - Dragon Form                    Transmutation                7
Miscellaneous
 U - a lamp of fire
Comestibles
 d - 42 rations


   Skills:
 + Level 9.8(14.8) Fighting
 - Level 7.1(12.1) Dodging
 - Level 12.8(17.8) Unarmed Combat
 - Level 1.2 Spellcasting
 - Level 10.7 Transmutations
 * Level 5.1 Earth Magic
 - Level 8.5 Invocations


You had one spell level left.
You knew the following spells:

 Your Spells              Type           Power        Failure   Level  Hunger
a - Beastly Appendage     Tmut           ####..       11%         1    ##.....
b - Sticks to Snakes      Tmut           ####....     13%         2    ###....
c - Statue Form           Tmut/Erth      ###......    99%         6    #######
d - Blade Hands           Tmut           ####......   47%         5    ######.


Dungeon Overview and Level Annotations

Branches:
Dungeon (14/15)            Temple (0/1) D:5            Lair (6/6) D:8
 Spider (0/4) Lair:2        Slime (0/5) Lair:5          Orc (0/2) D:10
  Swamp: Lair:2-4    Shoals: Lair:2-4    Vaults: D:13-14

Altars:
Ashenzari
Dithmenos
Gozag
Hepliaklqana
Kikubaaqudgha
Okawaru
Qazlal
Sif Muna
Trog
Vehumet
Yredelemnul
Beogh

Annotations:
D:3 Sigmund
D:4 Pikel; bmj180's ghost, amateur GrFi
D:12 Nessos
D:13 exclusion: upstairs
Lair:5 exclusion: oklob plant
Lair:6 1 runed door, 1 exclusion


Innate Abilities, Weirdness & Mutations

You are too large for most types of armour.
You have claws for hands.
Your metabolism is lightning-fast.
You like to eat raw meat.
Your natural rate of healing is unusually fast.
You are covered in fur. (AC +1)
You have very tough skin. (AC +2)


Message History

The yaktaur hits you! x2
* * * LOW HITPOINT WARNING * * *
The ogre mage hits you with a whip.
* * * LOW HITPOINT WARNING * * *
The orc wizard hits you but does no damage.
The two-headed ogre shouts in stereo!
You hear a shout!
The centaur warrior shoots an arrow.
The arrow hits you!
* * * LOW HITPOINT WARNING * * *
The centaur shoots an arrow.
The arrow hits you but does no damage. The yaktaur hits you!
* * * LOW HITPOINT WARNING * * *
The yaktaur hits you.
* * * LOW HITPOINT WARNING * * *
The orc wizard hits you but does no damage.
The ogre mage hits you but does no damage.
The centaur shoots an arrow.
The arrow hits you!
* * * LOW HITPOINT WARNING * * *
The centaur warrior shoots an arrow.
The arrow hits you!
You die...

#.#.##.##.....######'#.###.#..#
#.#.##.######......))..# #....#
#.#.##.# #..........# #...##
#.#.####### #..#######.###...#
###.#.# .o #(.# #.......#
....#.# o##(.# ######..##
......# #.#.(# # #..... ......#
#..##.#o(#c##.c# #..... ......#
#..).c@....# #...[.
......#######.#cO#.### ####.#
................c.... #.#
.................O..... #.#
.#.....######.#..#.##### #.#
.#.....# ......... #.. .'..[..#
##.#..#.##. ##. .##'####
#.#..#.# #. ###.# #..# ##


You could see a centaur warrior, a two-headed ogre, an ogre mage, 3 yaktaurs, a
centaur and an orc wizard.

Vanquished Creatures
  Josephine (D:14)
  2 rakshasas (D:13)
  4 hydras
  A death knight (D:13)
  3 two-headed ogres
  Sonja (Lair:4)
  2 unseen horrors
  A wizard (D:14)
  A necromancer (D:11)
  2 lindwurms (Lair:6)
  An orc knight (D:14)
  3 deep elf magi (D:13)
  4 ugly things
  A manticore (D:14)
  8 elephants
  5 cyclopes
  7 black mambas
  3 molten gargoyles (Lair:6)
  A torpor snail (Lair:5)
  9 spiny frogs
  2 gargoyles
  2 komodo dragons (Lair:6)
  A yaktaur (shapeshifter) (D:13)
  A rime drake (Lair:5)
  A yaktaur (D:13)
  A jumping spider (Lair:2)
  3 trolls
  A hornet (D:13)
  12 slime creatures
  16 blink frogs
  9 dream sheep
  4 hippogriffs
  A spriggan (D:7)
  A shadow (D:14)
  4 redbacks (Lair:2)
  5 wraiths (D:14)
  7 wyverns
  28 yaks
  A vampire (D:14)
  4 basilisks
  5 vampire mosquitoes
  A steam dragon (Lair:6)
  An acid dragon (D:14)
  7 water moccasins
  A hell hound (Lair:6)
  5 sky beasts
  A black bear (shapeshifter) (D:14)
  4 ice beasts
  11 porcupines
  A hornet zombie (D:11)
  4 black bears
  5 ogres
  10 orc warriors
  A slave (D:4)
  An eye of draining (D:10)
  2 phantoms
  2 necrophages
  8 centaurs
  A wolf (Lair:1)
  14 crocodiles
  3 big kobolds
  16 bullfrogs
  3 jellies
  A wyvern skeleton (D:11)
  2 scorpions
  6 killer bees (D:10)
  3 wights (D:6)
  An electric eel (Lair:4)
  5 crimson imps
  4 centaur zombies
  2 howler monkeys (D:8)
  2 lava snakes (Lair:6)
  2 bullfrog zombies
  3 centaur skeletons
  3 bullfrog skeletons
  5 hounds
  10 orc priests
  14 orc wizards
  Jessica (D:5)
  4 iguanas
  2 polar bear simulacra (D:11)
  5 worker ants
  A yak simulacrum (D:11)
  5 wolf simulacra (D:11)
  A hound zombie (D:7)
  A worker ant zombie (D:8)
  A hound skeleton (D:6)
  8 gnolls
  10 adders
  A howler monkey skeleton (D:5)
  4 shadow imps
  3 adder skeletons
  4 worms
  4 leopard geckos
  67 orcs
  2 ball pythons
  7 giant cockroaches
  8 goblins
  7 hobgoblins
  5 jackals
  20 kobolds
  5 quokkas
  3 bats
  3 frilled lizards
  A leopard gecko skeleton (D:4)
  A quokka skeleton (D:8)
  9 rats
  3 river rat simulacra (D:11)
530 creatures vanquished.

Vanquished Creatures (collateral kills)
  An orc wizard (D:10)
  An iguana (D:10)
2 creatures vanquished.

Vanquished Creatures (others)
  8 fungi
  7 plants
15 creatures vanquished.

Grand Total: 547 creatures vanquished

Notes
Turn   | Place    | Note
-------+----------+-------------------------------------------
     0 | D:1      | toffzen the Troll Transmuter began the quest for the Orb.
     0 | D:1      | Reached XP level 1. HP: 18/18 MP: 1/1
   124 | D:1      | Reached skill level 1 in Fighting
   179 | D:1      | Reached XP level 2. HP: 27/27 MP: 2/2
   632 | D:2      | Reached XP level 3. HP: 33/33 MP: 3/3
   636 | D:2      | Noticed a centaur
   937 | D:2      | Killed a centaur
   937 | D:2      | Reached skill level 4 in Unarmed Combat
   937 | D:2      | Reached XP level 4. HP: 5/42 MP: 1/4
  1227 | D:1      | Reached XP level 5. HP: 26/49 MP: 5/5
  1809 | D:2      | Reached skill level 5 in Unarmed Combat
  1929 | D:2      | Found a basalt altar of Yredelemnul.
  2324 | D:3      | Noticed Sigmund
  2402 | D:3      | Noticed a crocodile
  2415 | D:3      | Killed a crocodile
  2415 | D:3      | Reached XP level 6. HP: 59/59 MP: 6/6
  2473 | D:3      | Found a shattered altar of Ashenzari.
  2474 | D:3      | Found a radiant altar of Vehumet.
  2476 | D:3      | Found a hazy altar of Hepliaklqana.
  2499 | D:3      | Found an iron altar of Okawaru.
  2507 | D:3      | Became a worshipper of Warmaster Okawaru
  2513 | D:3      | Found a shadowy altar of Dithmenos.
  2768 | D:4      | Found a stormy altar of Qazlal.
  2828 | D:4      | Reached skill level 6 in Unarmed Combat
  3063 | D:4      | Reached XP level 7. HP: 67/67 MP: 7/7
  3105 | D:4      | Learned a level 2 spell: Sticks to Snakes
  3170 | D:4      | Found an ancient bone altar of Kikubaaqudgha.
  3172 | D:4      | Noticed bmj180's ghost (amateur GrFi)
  3436 | D:4      | Noticed Pikel
  3462 | D:5      | Entered Level 5 of the Dungeon
  3676 | D:5      | Reached * piety under Okawaru
  3676 | D:5      | Reached skill level 1 in Invocations
  3719 | D:5      | Reached skill level 7 in Unarmed Combat
  3771 | D:5      | Found an opulent altar of Gozag.
  3807 | D:5      | Got a vibrating silver ring
  3819 | D:5      | Identified the ring of the Saviour {AC+3 Dex+2 SInv} (You found it on level 5 of the Dungeon)
  3826 | D:5      | Noticed Jessica
  3842 | D:5      | Killed Jessica
  3850 | D:5      | Found a deep blue altar of Sif Muna.
  4114 | D:5      | Found a staircase to the Ecumenical Temple.
  4190 | D:6      | Reached XP level 8. HP: 72/78 MP: 8/8
  4399 | D:6      | Reached skill level 8 in Unarmed Combat
  5188 | D:7      | Reached ** piety under Okawaru
  5373 | D:7      | Reached skill level 9 in Unarmed Combat
  5393 | D:7      | Found a bloodstained altar of Trog.
  5488 | D:7      | Reached skill level 5 in Fighting
  5488 | D:7      | Reached XP level 9. HP: 83/88 MP: 10/10
  6467 | D:8      | Reached *** piety under Okawaru
  6498 | D:8      | Found a staircase to the Lair.
  6654 | D:8      | Reached skill level 10 in Unarmed Combat
  6915 | D:8      | Learned a level 3 spell: Spider Form
  7167 | D:9      | Noticed a two-headed ogre
  7176 | D:9      | Killed a two-headed ogre
  7176 | D:9      | Reached XP level 10. HP: 98/98 MP: 7/12
  7404 | D:9      | Reached skill level 5 in Transmutations
  7540 | D:9      | Reached **** piety under Okawaru
  7983 | D:10     | Entered Level 10 of the Dungeon
  8323 | D:10     | Noticed an unseen horror
  8345 | D:10     | Killed an unseen horror
  8642 | D:10     | Noticed a cyan ugly thing
  8660 | D:10     | Killed a cyan ugly thing
  8660 | D:10     | Reached ***** piety under Okawaru
  8660 | D:10     | Reached XP level 11. HP: 39/105 MP: 11/13
  8852 | D:10     | Received a gift from Okawaru
  8876 | D:10     | Found a roughly hewn altar of Beogh.
  8876 | D:10     | Found a staircase to the Orcish Mines.
  9465 | Lair:1   | Entered Level 1 of the Lair of Beasts
  9661 | Lair:1   | Found an iron altar of Okawaru.
 10576 | Lair:2   | Received a gift from Okawaru
 10576 | Lair:2   | Reached skill level 5 in Invocations
 10593 | Lair:2   | Found a hole to the Spider Nest.
 10682 | Lair:2   | Reached skill level 11 in Unarmed Combat
 11328 | Lair:3   | Noticed a six-headed hydra
 11336 | Lair:3   | Killed a six-headed hydra
 11794 | Lair:3   | Reached XP level 12. HP: 118/118 MP: 15/15
 12824 | Lair:4   | Noticed Sonja
 12835 | Lair:4   | Killed Sonja
 13585 | Lair:5   | Found a staircase to the Slime Pits.
 13822 | Lair:5   | Noticed a six-headed hydra
 13823 | Lair:5   | Noticed a catoblepas
 13848 | Lair:4   | Learned a level 5 spell: Blade Hands
 13914 | Lair:5   | Received a gift from Okawaru
 14170 | Lair:5   | Reached skill level 5 in Dodging
 14691 | Lair:5   | Killed a six-headed hydra
 14691 | Lair:5   | Reached skill level 10 in Transmutations
 14819 | Lair:6   | Entered Level 6 of the Lair of Beasts
 14993 | Lair:6   | Received a gift from Okawaru
 15106 | Lair:6   | Reached XP level 13. HP: 121/127 MP: 17/17
 15588 | Lair:6   | Reached skill level 12 in Unarmed Combat
 15646 | Lair:6   | Found an iron altar of Okawaru.
 16881 | Lair:6   | Noticed a fire dragon
 17015 | Lair:6   | Found a large runed door.
 18537 | D:12     | Noticed Nessos
 19123 | D:13     | Received a gift from Okawaru
 19530 | D:13     | Reached XP level 14. HP: 33/140 MP: 13/19
 19894 | D:13     | Learned a level 6 spell: Statue Form
 19916 | D:13     | Reached skill level 1 in Earth Magic
 20365 | D:14     | Noticed Josephine
 20379 | D:14     | Killed Josephine
 21299 | D:14     | Reached skill level 5 in Earth Magic
 21331 | D:14     | Paralysed by an ogre mage for 7 turns
 21336 | D:14     | HP: 2/141 [centaur/arrow (7)]
 21336 | D:14     | Shot with an arrow by a centaur warrior

Skill      XL: |  1  2  3  4  5  6  7  8  9 10 11 12 13 14 |
---------------+-------------------------------------------+-----
Fighting       | 1 2 3 4 5 7 8 9 |  9.8
Dodging        | 2 4 5 7 |  7.1
Unarmed Combat | 4 5 6 7 9 10 11 12 | 12.8
Invocations    | 2 3 4 5 7 8 |  8.5
Transmutations | 4 8 9 10 | 10.7
Earth Magic    | 5 |  5.1
Spellcasting   | |  1.2

Action                   |  1- 3 |  4- 6 |  7- 9 | 10-12 | 13-15 || total
-------------------------+-------+-------+-------+-------+-------++-------
Melee: Unarmed           |    62 |   143 |   329 |   603 |   559 ||  1696
       Punch             |     1 |     7 |    12 |    36 |    36 ||    92
       Headbutt          |     1 |       |       |     1 |       ||     2
Throw: Stone             |       |     7 |     3 |    12 |     2 ||    24
 Cast: Beastly Appendage |     1 |       |       |     3 |       ||     4
       Sticks to Snakes  |       |       |     2 |    25 |       ||    27
       Spider Form       |       |       |       |     9 |     3 ||    12
       Blade Hands       |       |       |       |       |    10 ||    10
Invok: Heroism           |       |       |    11 |    38 |    34 ||    83
       Finesse           |       |       |       |     2 |     2 ||     4
 Abil: End Transformatio |       |       |       |     1 |       ||     1
  Use: Scroll            |     1 |     1 |     9 |     9 |     6 ||    26
       Potion            |       |     1 |     1 |     3 |     9 ||    14
 Stab: Sleeping          |     1 |     2 |     1 |       |       ||     4
       Invisible         |       |     2 |       |       |       ||     2
       Distracted        |       |       |       |     1 |       ||     1
  Eat: Chunk             |    14 |    15 |    38 |    73 |    48 ||   188
       Ration            |       |       |       |     2 |     2 ||     4
Armor: Robe              |    14 |    27 |    95 |   119 |    81 ||   336
       Skin              |       |       |       |     1 |     1 ||     2
       Acid dragon scale |       |       |       |       |    71 ||    71
Dodge: Dodged            |    30 |    61 |   129 |   243 |   294 ||   757
